 Dungeon Crawl Stone Soup version 0.31-a0-202-g547052bce9 (webtiles) character file.

Game seed: 2887581064927922345

93 qw the Shooter (level 4, -8/25 HPs)
             Began as a Deep Elf Hunter on June 26, 2023.
             Killed by divine providence
             ... invoked by an orc priest
              (13 damage)
             ... on level 3 of the Dungeon.
             The game lasted 00:00:43 (1468 turns).

qw the Shooter (Deep Elf Hunter)                    Turns: 1468, Time: 00:00:43

Health: -8/25      AC:  7    Str:  9 (10) XL:     4   Next: 36%
Magic:  6/6        EV: 10    Int: 13 (14) God:
Gold:   117        SH:  0    Dex: 16 (18) Spells: 3/3 levels left

rFire   . . .        Y - +0 shortbow (flame)
rCold   . . .        (shield currently unavailable)
rNeg    . . .        c - +0 ring mail
rPois   .            (no helmet)
rElec   .            (no cloak)
rCorr   .            i - +1 pair of gloves
SInv    .            (no boots)
Will    .....        k - amulet of regeneration
Stlth   +            (no ring)
HPRegen 1.04/turn    (no ring)
MPRegen 0.10/turn

%: no passive effects
@: about to teleport
A: no striking features
a: no special abilities


You were on level 3 of the Dungeon.
You visited 1 branch of the dungeon, and saw 3 of its levels.

You collected 117 gold pieces.


   Skills:
 - Level 1.5 Fighting
 + Level 7.8 Ranged Weapons
 - Level 2.4 Dodging
 - Level 1.2 Stealth


You had 3 spell levels left.
You didn't know any spells.
Your spell library was empty.

Inventory:

Hand Weapons
 Y - a +0 shortbow of flaming (weapon)
Armour
 c - a +0 ring mail (worn)
 i - a +1 pair of gloves (worn)
Jewellery
 b - a ring of protection from fire
 k - an amulet of regeneration (around neck)
Scrolls
 a - a scroll of enchant weapon {unknown}
Potions
 g - 3 potions of lignification {unknown}
 j - a potion of mutation {unknown}
 l - a potion of haste {unknown}
 m - a potion of brilliance {unknown}

Dungeon Overview and Level Annotations

Branches:
Dungeon (3/15)

Altars:
Zin


Message History

The orc shouts!
The orc is almost dead.
You hear a shout!
You shoot an arrow. The arrow hits the orc.
The arrow burns the orc.
You kill the orc!
An orc comes into view. It is wielding a +0 club.
You shoot an arrow. The arrow hits the orc!
The arrow burns the orc.
You kill the orc!
You feel your dexterity returning.
An orc and an orc priest come into view.
The orc priest shouts!
You shoot an arrow. The arrow barely misses the orc priest.
An orc priest comes into view. It is wielding a +0 whip.
You shoot an arrow. The orc priest shouts!
The arrow hits the orc priest.
The arrow burns the orc priest.
The orc priest is moderately wounded.
The orc priest miscasts a cantrip.
The orc priest calls down the wrath of Beogh upon you.
Beogh smites you!
Ouch! That really hurt!
You shoot an arrow. The arrow barely misses the orc.
A scorpion comes into view.
The orc priest invokes the aid of Beogh against you.
Pain shoots through your body!
An adder comes into view.
1466 ||| READING scroll of teleportation.
As you read the scroll of teleportation, it crumbles to dust.
You feel strangely unstable.
You shoot an arrow.
The arrow hits the orc but does no damage.
The orc barely misses you.
You shoot an arrow. The arrow hits the orc.
The arrow burns the orc.
The orc is almost dead.
The orc priest invokes the aid of Beogh against you.
You barely resist.
The orc priest calls down the wrath of Beogh upon you.
Beogh smites you!
Ouch! That really hurt!
You die...

#####%...#.#.#.#........
...#...#...###..........
##.#...##.........%.....
##.#...##...#...........
.......###+.............
.......##...#...........
.....####...#...........
.....# #...#...........
##..%# #...#...@...S.$.
#.... ....#..o........
#+##########..o.....$..
#.so........
#...........
..).........
##)..........
............


You could see a scorpion, 2 orc priests, an adder and an orc.

Vanquished Creatures
  3 adders
  3 worms
  3 orcs (D:3)
  7 bats
  4 endoplasms (D:1)
  5 giant cockroaches (D:1)
  4 goblins
  6 hobgoblins
  4 kobolds
  4 quokkas
  3 ball pythons
  A frilled lizard (D:3)
  5 rats (D:1)
52 creatures vanquished.

Notes
Turn   | Place    | Note
-------+----------+-------------------------------------------
     0 | D:1      | qw the Deep Elf Hunter began the quest for the Orb.
     0 | D:1      | Reached XP level 1. HP: 12/12 MP: 3/3
     0 | D:1      | 0 ||| qw: Version: 0.3-a-22-g0ed2b0b
     0 | D:1      | 0 ||| qw: Game counter: 5760
     0 | D:1      | 0 ||| qw: Melee chars always use a shield: true
     0 | D:1      | 0 ||| qw: God list: Okawaru
     0 | D:1      | 0 ||| qw: Allow faded altars: false
     0 | D:1      | 0 ||| qw: Do Orc after clearing Dungeon:15 true
     0 | D:1      | 0 ||| qw: Do second Lair branch before Depths: true
     0 | D:1      | 0 ||| qw: Lair rune preference: random
     0 | D:1      | 0 ||| qw: Goals: Normal
     0 | D:1      | 0 ||| PLANNING D:1-11
   100 | D:1      | Reached XP level 2. HP: 16/16 MP: 4/4
   103 | D:1      | Reached skill level 6 in Ranged Weapons
   105 | D:1      | Found a faded altar of an unknown god.
   682 | D:1      | Reached XP level 3. HP: 20/20 MP: 5/5
   770 | D:1      | 770 ||| UPGRADING to +0 scale mail.
   780 | D:1      | 780 ||| DROPPING +0 leather armour.
   781 | D:1      | 781 ||| UPGRADING to +0 pair of gloves.
   786 | D:1      | 786 ||| UPGRADING to amulet of regeneration.
   791 | D:1      | 791 ||| READING scroll labelled DEVUXT XIPE.
   792 | D:1      | 792 ||| READING 2 scrolls labelled GENTOVI ZUNKISK.
   796 | D:1      | 796 ||| READING 2 scrolls labelled FAFYFE CATEMU.
   797 | D:1      | 797 ||| READING scroll of enchant armour.
   797 | D:1      | 797 ||| ENCHANTING +0 pair of gloves.
   798 | D:1      | 798 ||| DROPPING scroll of butterflies.
   883 | D:2      | Reached skill level 7 in Ranged Weapons
  1028 | D:2      | Found a glowing silver altar of Zin.
  1132 | D:2      | 1132 ||| UPGRADING to +0 ring mail.
  1142 | D:2      | 1142 ||| DROPPING +0 scale mail.
  1143 | D:2      | 1143 ||| DROPPING +6 ring of intelligence.
  1144 | D:2      | 1144 ||| READING scroll labelled SUIBE OGETIPLI.
  1145 | D:2      | 1145 ||| READING scroll labelled IGUCVOPNOG.
  1146 | D:2      | 1146 ||| DRINKING 2 puce potions.
  1147 | D:2      | 1147 ||| DROPPING potion of degeneration.
  1177 | D:3      | 1177 ||| STAIRDANCE
  1396 | D:3      | Reached XP level 4. HP: 25/25 MP: 6/6
  1465 | D:3      | Noticed a scorpion
  1465 | D:3      | HP: 2/25 [orc priest/nerve-wracking pain (11)]
  1466 | D:3      | 1466 ||| READING scroll of teleportation.
  1468 | D:3      | Killed from afar by an orc priest

Levels and vault maps discovered:
D:1:      lordsloth_arrival_two_stooges, layout_basic,
          hellmonk_ecumenical_altar_arch_garden
D:2:      layout_rooms, basic_altar
D:3:      layout_basic, minitemple, minmay_fractal_squares_5

Skill      XL: |  1  2  3 |
---------------+----------+-----
Ranged Weapons | 6 7 |  7.8
Fighting       | |  1.5
Dodging        | |  2.4
Stealth        | |  1.2

Action                     |  1- 3 |  4- 6 || total
---------------------------+-------+-------++-------
   Fire: Shortbow          |   129 |    25 ||   154
    Use: Scroll            |     6 |     1 ||     7
         Potion            |     1 |       ||     1
 Armour: Leather armour    |     7 |       ||     7
         Ring mail         |     4 |     5 ||     9
         Scale mail        |     1 |       ||     1
  Dodge: Dodged            |    21 |     4 ||    25

Table legend:
 A = Non-vault XP
 B = Vault XP
 C = Vault XP percentage of total XP
 D = Non-vault monster count
 E = Vault monster count
 F = Vault count percentage of total count
                 A         B        C        D         E       F
            +---------+---------+-------+---------+---------+-------
      Total |     112 |      21 |  15.8 |      48 |       4 |   7.7
            +---------+---------+-------+---------+---------+-------
        D:1 |      52 |       0 |   0.0 |      31 |       0 |   0.0
        D:2 |      29 |       0 |   0.0 |       9 |       0 |   0.0
        D:3 |      31 |      21 |  40.4 |       8 |       4 |  33.3
            +---------+---------+-------+---------+---------+-------
